Unix NetHack Version 3.7.0-59 Work-in-progress - last build May 27 2022 13:05:58 (8500ec8471030ebd41fc3e2ff99709a52330cc4d,branch:master). Game began 2022-05-30 01:32:23, ended 2022-05-30 01:51:31. NetSysFire, chaotic female human Priestess -------------- |.......B@_..| .?...........| -------------- NetSysFire the Adept St:11 Dx:13 Co:15 In:10 Wi:17 Ch:8 Chaotic S:2650 Dlvl:5 $:0 HP:0(53) Pw:41(102) AC:8 Exp:6 T:6728 Weak Latest messages: The giant spider bites! You hit the giant spider! The giant spider turns to flee. There is an uncursed golden naga hatchling corpse here; eat it? [ynq] (n) y This golden naga hatchling corpse tastes okay. The vampire bat bites! You stop eating the golden naga hatchling corpse. The vampire bat bites! There is an uncursed partly eaten golden naga hatchling corpse here; eat it? [ynq] (n) y You resume your meal. The vampire bat bites! You stop eating the golden naga hatchling corpse. The vampire bat bites! There is an uncursed partly eaten golden naga hatchling corpse here; eat it? [ynq] (n) q In what direction? . You feel better. The vampire bat bites! The vampire bat bites! You hit the vampire bat. The vampire bat bites! The vampire bat bites! The vampire bat bites! The vampire bat bites! You miss the vampire bat. The vampire bat bites! The vampire bat bites! The vampire bat bites! The vampire bat bites! You are too hungry to cast that spell. Are you waiting to get hit? Use 'm' prefix to force a no-op (to rest). You hit the vampire bat! The vampire bat bites! The vampire bat bites! The vampire bat bites! The vampire bat bites! The vampire bat's bite was poisoned! The poison doesn't seem to affect you. What do you want to throw? [*] I In what direction? h The potion of holy water misses the vampire bat. A potion of holy water shatters! The vampire bat bites! The vampire bat bites! The vampire bat bites! You die... Do you want your possessions identified? [ynq] (y) y Do you want to see your attributes? [ynq] (y) y Do you want an account of creatures vanquished? [ynaq] (y) y Do you want to see your conduct and achievements? [ynq] (y) y Do you want to see the dungeon overview? [ynq] (y) y Major events: Turn 1: NetSysFire the chaotic human Priestess entered the dungeon 1757: attained the rank of Acolyte (level 3) 4936: attained the rank of Adept (level 6) 6471: destroyed nabru's ghost, the former Thaumaturge 6728: killed by a vampire bat Inventory: Weapons a - a blessed corroded +1 mace (weapon in hand) Armor c - an uncursed +0 small shield (being worn) v - an uncursed +0 cloak of displacement (being worn) b - an uncursed +0 robe Comestibles f - an uncursed sprig of wolfsbane Potions E - an uncursed potion of sickness Tools m - an uncursed lock pick Gems/Stones C - an uncursed amethyst stone G - an uncursed jasper stone NetSysFire the Priestess's attributes: Background: You were an Adept, a level 6 human Priestess. You were chaotic, nominally on a mission for Manannan Mac Lir who was opposed by Lugh (lawful) and Brigit (neutral). You were in the Dungeons of Doom, on level 5. You entered the dungeon 6728 turns ago. It was nighttime. There was a new moon in effect when your adventure ended. You had 590 experience points, 50 more were needed to attain level 7. Your score was 2650 before end-of-game adjustments. Basics: You had 0 out of 53 hit points. You had 41 out of 102 energy points (spell power). Your armor class was 8. Your wallet was empty. Autopickup was off. Final Characteristics: Your strength was 11 (base:12, limit:18/100). Your dexterity was 13 (limit:18). Your constitution was 15 (limit:18). Your intelligence was 10 (limit:18). Your wisdom was 17 (peak:18, limit:18). Your charisma was 8 (peak:9, limit:18). Final Status: You were chained to a heavy iron ball. You were weak from severe hunger. You were unencumbered. You were wielding a mace. You had basic skill with mace and could have enhanced that. Final Attributes: You were piously aligned. You were poison resistant. You were displaced. You were warded. You are dead. Miscellaneous: You encountered 1 bones level. Total elapsed playing time was 19 minutes and 8 seconds. Vanquished creatures: a ghost a dog a rock piercer 2 ponies a fog cloud a gnome leader a golden naga hatchling a gray ooze a giant ant a little dog a floating eye a kitten a homunculus a kobold leader 8 rothes a rabid rat a giant bat an orc zombie a wererat 5 iguanas an acid blob 2 gas spores 4 hobbits a hobgoblin 5 giant rats a yellow mold a red mold 5 gnomes a garter snake a gnome zombie 4 geckos 12 jackals a fox 4 goblins 4 sewer rats 8 grid bugs 3 bats 8 lichens 2 kobold zombies 11 newts 111 creatures vanquished. No species were genocided or became extinct. Voluntary challenges: You were an atheist. You read items or engraved 8 times. You never engraved Elbereth. You never genocided any monsters. You never polymorphed an object. You never changed form. You used no wishes. Achievements: You attained the rank of Acolyte. You entered a shop. You attained the rank of Adept. The Dungeons of Doom: levels 1 to 5 Level 1: Some altars. Level 2: A health food store. Level 3: Level 4: An altar to Manannan Mac Lir. Level 5: <- You were here. A grave. Final resting place for you, killed by a vampire bat, nabru-Wiz-Elf-Fem-Cha, killed by a giant spider. Game over: ---------- / \ / REST \ / IN \ / PEACE \ / \ | NetSysFire | | 0 Au | | killed by a | | vampire bat | | | | | | 2022 | *| * * * | * _________)/\\_//(\/(/\)/\//\/|_)_______ Goodbye NetSysFire the Priestess... You died in The Dungeons of Doom on dungeon level 5 with 2650 points, and 0 pieces of gold, after 6728 moves. You were level 6 with a maximum of 53 hit points when you died.